 Dungeon Crawl Stone Soup version 0.32-a0-666-ge8a88695a4 (webtiles) character file.

Game seed: 6280231504723320158

41 Aldia the Sneak (level 3, 0/19 HPs)
             Began as a Vampire Enchanter on Mar 9, 2024.
             Slain by a goblin
             ... wielding a +0 dagger
             ... led by Robin
              (4 damage)
             ... on level 2 of the Dungeon.
             The game lasted 00:02:53 (986 turns).

Aldia the Sneak (Vampire Enchanter)                  Turns: 986, Time: 00:02:53

Health: 0/19       AC:  2    Str:  7    XL:     3   Next: 32%
Magic:  6/6        EV: 12    Int: 19    God:
Gold:   101        SH:  0    Dex: 14    Spells: 1/6 levels left

rFire   . . .        a - +1 dagger
rCold   + + .        (no shield)
rNeg    + + +        b - +0 robe
rPois   ∞            (no helmet)
rElec   .            (no cloak)
rCorr   .            (no gloves)
SInv    +            (no boots)
Will    .....        (no amulet)
Stlth   +++++        (no ring)
HPRegen 0.00/turn    (no ring)
MPRegen 0.10/turn

%: no passive effects
@: bloodless, inhibited regen, invisible
A: bloodless, fangs 3, see invisible, vampiric 2
a: Bat Form, Revivify


You were on level 2 of the Dungeon.
You visited 1 branch of the dungeon, and saw 2 of its levels.

You collected 101 gold pieces.

Inventory:

Hand Weapons
 a - a +1 dagger (weapon)
Armour
 b - a +0 robe (worn)
Jewellery
 j - a ring of fire
 l - a ring of poison resistance
Scrolls
 e - a scroll of teleportation
 f - a scroll of noise {unknown}
 g - 2 scrolls of poison {unknown}
 h - a scroll of enchant armour
 i - a scroll of enchant weapon
 m - a scroll of fear {unknown}
Potions
 c - 2 potions of invisibility
 d - a potion of berserk rage
 k - a potion of heal wounds {unknown}
 n - a potion of lignification {unknown}


   Skills:
 * Level 2.4 Short Blades
 - Level 2.1 Dodging
 * Level 5.5 Stealth
 - Level 2.0 Spellcasting
 - Level 4.6 Hexes
 + Level 0.6 Ice Magic


You had one spell level left.
You knew the following spells:

 Your Spells              Type           Power      Damage    Failure   Level
a - Ensorcelled Hibernat  Hex/Ice        22%        N/A       9%          2
b - Confusing Touch       Hex            19%        N/A       8%          3

Your spell library contained the following spells:

 Spells                   Type           Power      Damage    Failure   Level
 Magic Dart               Conj           4%         1d3       17%         1
 Tukima's Dance           Hex            19%        N/A       8%          3
 Dazzling Flash           Conj/Hex       20%        N/A       21%         3
 Blink                    Tloc           2%         N/A       26%         2
 Call Imp                 Summ           2%         N/A       26%         2


Dungeon Overview and Level Annotations

Branches:
Dungeon (2/15)

Altars:

Annotations:
D:2 Robin


Innate Abilities, Weirdness & Mutations

You do not regenerate when monsters are visible.
You are frail without blood (-20% HP).
You can heal yourself when you bite living creatures.
You are immune to poison.
You have razor-sharp teeth.
You have supernaturally acute eyesight. (SInv)
You are afflicted with vampirism and can become a bat while bloodless.


Message History

The goblin shouts!
Unknown command.
You closely miss the goblin.
The goblin is heavily wounded.
Unknown command.
You hit the goblin.
The goblin is severely wounded.
The goblin barely misses you.
Unknown command.
The goblin shouts!
You hit the goblin.
The goblin is heavily wounded.
You hit the goblin.
You kill the goblin!
You barely miss the goblin. You completely miss the goblin.
The goblin shouts!
The goblin is severely wounded.
The goblin no longer looks unusually strong.
The goblin misses you. The goblin barely misses you.
The goblin hits you but does no damage.
Robin points. "Kill!"
The goblin barely misses you.
You hit the goblin.
You kill the goblin!
The hobgoblin no longer looks unusually strong.
The goblin hits you with a +0 club. The goblin hits you with a +0 dagger.
* * * LOW HITPOINT WARNING * * *
Unknown command.
You hit the goblin.
The goblin is moderately wounded.
The goblin barely misses you. The goblin closely misses you.
The goblin hits you but does no damage.
Unknown command.
The goblin no longer looks unusually strong.
Unknown command.
You hit the goblin.
You kill the goblin!
The goblin hits you with a +0 dagger.
You die...

#.#.#.#.#..## ######.
#...........# #......
#.#.#.#)#...# #.#..##
#...........# ##...###
#.#.#.#.#...# #..#####
##......gg...# #..##...
#..#.#.#)#...# ###..##...
#.....†gggg..# #....#....
#......g@)...###.........
########....###....#.#...
#..........).....#.
###.#.#.#.#..#.#.#.#.
#.........>..#.....#.
########.#.#.#.#....##..###.
#......[.#..........##.## ##
#........#.#.#.#.......#####
#........#.........###..##..


You could see Robin (unable to see you), 2 hobgoblins and 4 goblins.

Vanquished Creatures
  An adder (D:2)
  4 endoplasms
  4 hobgoblins
  2 jackals (D:1)
  2 kobolds
  2 quokkas (D:2)
  3 ball pythons (D:2)
  2 frilled lizards (D:1)
  6 goblins
  5 rats (D:1)
31 creatures vanquished.

Notes
Turn   | Place    | Note
-------+----------+-------------------------------------------
     0 | D:1      | Aldia the Vampire Enchanter began the quest for the Orb.
     0 | D:1      | Reached XP level 1. HP: 13/13 MP: 3/3
   156 | D:1      | Reached XP level 2. HP: 15/15 MP: 5/5
   212 | D:1      | Found a faded altar of an unknown god.
   413 | D:1      | Reached skill level 5 in Stealth
   416 | D:1      | Learned a level 2 spell: Ensorcelled Hibernation
   926 | D:2      | Gained mutation: You are afflicted with vampirism and can
                  | become a bat while bloodless. [Vampire growth]
   926 | D:2      | Reached XP level 3. HP: 19/19 MP: 6/6
   930 | D:2      | Learned a level 3 spell: Confusing Touch
   964 | D:2      | Noticed Robin
   986 | D:2      | Slain by a goblin

Illustrated notes

Levels and vault maps discovered:
D:1:      wheals_arrival_shading, layout_rooms,
          shapermc_ecumenical_altar_mp_highgroup, minmay_misc_feat_secret_circle
D:2:      wad_crossroads, layout_rooms, serial_glass, glass_columns_c,
          glass_columns_c, glass_columns_b, glass_columns_b, glass_columns_a,
          glass_columns_a, glass_columns_c, glass_columns_a, glass_columns_c,
          glass_columns_a, glass_columns_a, glass_columns_a, glass_columns_a,
          glass_columns_c, uniq_robin

Skill      XL: |  1  2 |
---------------+-------+-----
Stealth        | 5 |  5.5
Short Blades   | 2 |  2.4
Dodging        | |  2.1
Spellcasting   | |  2.0
Hexes          | |  4.6
Ice Magic      | |  0.6

Action                     || total
---------------------------++-------
  Melee: Dagger            ||    83
         Bite              ||     4
Ability: Exsanguinate      ||     1
    Use: Scroll            ||     4
         Potion            ||     1
   Stab: Sleeping          ||    10
         Invisible         ||     1
 Armour: Robe              ||    42
  Dodge: Dodged            ||    50

Table legend: (Time is in decaauts)
 A = Elapsed time spent in this place.
 B = Non-inter-level travel time spent in this place.
 C = Inter-level travel time spent in this place.
 D = Time resting spent in this place.
 E = Time spent auto-exploring this place.
 F = Levels seen in this place.
 G = Mean time per level.
                   A        B        C        D        E       F      G
               +--------+--------+--------+--------+--------+-----+--------+
         Total |    980 |    932 |     48 |      0 |    653 |   2 |  490.0 |
       Dungeon |    980 |    932 |     48 |      0 |    653 |   2 |  490.0 |
               +--------+--------+--------+--------+--------+-----+--------+

Top non-repeatable levels by time:
     D:1: 579 daAuts
     D:2: 400 daAuts
